 Dungeon Crawl Stone Soup version 0.19-a0-1448-g1485906 (webtiles) character file.

102 PurpleRed the Conjurer (level 4, -2/24 HPs)
             Began as a Deep Elf Conjurer on Sept 5, 2016.
             Killed from afar by PurpleRed's ghost (7 damage)
             ... with a magic dart
             ... on level 5 of the Dungeon.
             The game lasted 00:05:22 (651 turns).

PurpleRed the Conjurer (Deep Elf Conjurer)           Turns: 651, Time: 00:05:22

Health: -2/24      AC:  2    Str:  5    XL:     4   Next: 50%
Magic:  5/12       EV: 13    Int: 21    God:
Gold:   81         SH:  0    Dex: 15    Spells: 2 memorised, 9 levels left

rFire  . . .     SeeInvis .     n - +0 dagger (curse)
rCold  . . .     Gourm    .     a - +0 robe
rNeg   . . .     Faith    .     (no shield)
rPois  .         Spirit   .     (no helmet)
rElec  .         Dismiss  .     (no cloak)
rCorr  .         Reflect  .     (no gloves)
MR     .....     Harm     +     (no boots)
Stlth  ++........               j - amulet of harm
                                (no ring)
                                (no ring)

@: no status effects
A: no striking features
a: no special abilities


You were on level 5 of the Dungeon.
You were not hungry.

You visited 1 branch of the dungeon, and saw 5 of its levels.

You collected 81 gold pieces.

Inventory:

Hand Weapons
 h - a +0 whip
 n - a cursed +0 dagger (weapon)
Missiles
 e - a throwing net (quivered)
Armour
 a - a +0 robe (worn)
 d - a +3 ring mail
Jewellery
 j - an amulet of harm (around neck)
Wands
 s - a wand of slowing (46/48)
Scrolls
 k - a scroll of teleportation
 l - 2 scrolls of immolation
Potions
 f - 2 potions of lignification
 g - 2 potions of magic {unknown}
 i - 2 potions of degeneration {unknown}
 o - a potion of heal wounds {unknown}
Books
 b - a book of Conjurations

   Spells                             Type                      Level
   a - Magic Dart                     Conjuration                  1
   b - Searing Ray                    Conjuration                  2
   c - Dazzling Spray                 Conjuration/Hexes            3
   d - Fulminant Prism                Conjuration/Hexes            4
   e - Iskenderun's Mystic Blast      Conjuration                  4
   f - Iskenderun's Battlesphere      Conjuration/Charms           5
Comestibles
 c - a bread ration
 t - a meat ration


   Skills:
 - Level 2.4 Dodging
 - Level 2.4 Stealth
 + Level 4.6 Spellcasting
 * Level 5.8 Conjurations


You had 9 spell levels left.
You knew the following spells:

 Your Spells              Type           Power        Failure   Level  Hunger
a - Magic Dart            Conj           ####         1%          1    None
b - Searing Ray           Conj           ####..       1%          2    #......


Dungeon Overview and Level Annotations

Branches:
Dungeon (5/15)
 Temple: D:4-7

Altars:

Annotations:
D:5 PurpleRed's ghost, weakling DECj


Message History

The gnoll misses you.
The searing ray hits the gnoll.
You kill the gnoll!
Things that are here:
a spear; a club; a gnoll corpse PurpleRed's ghost (weakling Deep Elf Conjurer) comes into view.
There is an open door here.
PurpleRed's ghost points at you and mumbles some strange words.
The magic dart hits you!
There is an open door here.
Things that are here:
a spear; a club; a gnoll corpse You close the door.
PurpleRed's ghost opens the door.
PurpleRed's ghost points at you and mumbles some strange words.
The magic dart hits you!
* * * LOW HITPOINT WARNING * * *
PurpleRed's ghost gestures at you while chanting.
The magic dart hits you!
You die...

#.# #... ... #..# #.# #..## #.#
#+## ... #.# #...## #.# ##.#
#.....# ##.## ###..# ##.......
###...##########....####........
................@.....)W...W....
###...##########....####........
##.## #.#.## ##...)... #.# #..##
#.....# #.. ##.# #...## ###. #.#
#+## .# #.# # #.#


You could see PurpleRed's ghost.

Vanquished Creatures
  A worker ant (D:3)
  3 gnolls (D:5)
  2 adders
  An adder skeleton (D:4)
  2 giant geckos
  3 orcs (D:3)
  3 giant cockroaches
  3 hobgoblins
  2 jackals (D:3)
  A ball python (D:3)
  2 bats
  A giant newt (D:2)
  3 kobolds
  A rat (D:2)
28 creatures vanquished.

Notes
Turn   | Place    | Note
-------+----------+-------------------------------------------
     0 | D:1      | PurpleRed the Deep Elf Conjurer began the quest for the Orb.
     0 | D:1      | Reached XP level 1. HP: 10/10 MP: 6/6
   164 | D:2      | Reached XP level 2. HP: 13/15 MP: 1/8
   250 | D:2      | Learned a level 2 spell: Searing Ray
   312 | D:3      | Reached skill level 5 in Conjurations
   323 | D:3      | Reached XP level 3. HP: 16/19 MP: 2/10
   531 | D:4      | Reached XP level 4. HP: 15/24 MP: 8/12
   580 | D:5      | Entered Level 5 of the Dungeon
   641 | D:5      | Noticed PurpleRed's ghost (weakling DECj)
   651 | D:5      | Killed from afar by PurpleRed's ghost

Vault maps used:
D:1:      tarquinn_simple_flora_water_e, minmay_shallow_snake_nest
D:2:      first_bread
D:5:      eino_tiny_chamber, minmay_misc_feat_cross, moated_statue

Skill      XL: |  1  2 |
---------------+-------+-----
Conjurations   | 5 |  5.8
Spellcasting   | 4 |  4.6
Dodging        | |  2.4
Stealth        | |  2.4

Action                   |  1- 3 |  4- 6 || total
-------------------------+-------+-------++-------
Melee: Whip              |    16 |       ||    16
       Dagger            |     3 |       ||     3
 Cast: Magic Dart        |    31 |     1 ||    32
       Searing Ray       |     4 |     3 ||     7
  Use: Scroll            |     4 |     2 ||     6
Armor: Robe              |     4 |       ||     4
Dodge: Dodged            |    18 |     1 ||    19
